 Dungeon Crawl Stone Soup version 0.19-a0-1720-gc855d72 (webtiles) character file.

519 dobroeutro the Cudgeler (level 7, -2/44 HPs)
             Began as a Gargoyle Fighter on Sept 29, 2016.
             Slain by a river rat (4 damage)
             ... in a sewer.
             The game lasted 00:06:51 (2930 turns).

dobroeutro the Cudgeler (Gargoyle Fighter)          Turns: 2930, Time: 00:06:53

Health: -2/44      AC: 13    Str: 21    XL:     7   Next: 21%
Magic:  7/7        EV:  4    Int:  8    God:
Gold:   292        SH:  9    Dex: 10    Spells: 0 memorised, 6 levels left

rFire  . . .     SeeInvis .     a - +1 flail
rCold  . . .     Gourm    .     b - +0 scale mail
rNeg   + . .     Faith    .     c - +0 shield
rPois  ∞         Spirit   .     (no helmet)
rElec  +         Dismiss  .     (no cloak)
rCorr  .         Reflect  .     (no gloves)
MR     .....     Harm     .     (no boots)
Stlth  .......... Rnd*Tele +    (no amulet)
                                q - +2 ring of slaying
                                A - ring of teleportation

@: constricted
A: negative energy resistance 1, electricity resistance, unbreathing,
petrification resistance, rot immunity, AC +4
a: no special abilities


You were in a sewer.
You were very hungry.

You visited 1 branch of the dungeon, and saw 5 of its levels.
You also visited: Sewer.

You collected 292 gold pieces.

Inventory:

Hand Weapons
 a - a +1 flail (weapon)
Armour
 b - a +0 scale mail (worn)
 c - a +0 shield (worn)
 y - a +0 fire dragon armour
Jewellery
 o - an uncursed ring of fire
 q - a +2 ring of slaying (right hand)
 t - an uncursed ring of protection from magic
 A - a ring of teleportation (left hand)
Scrolls
 j - 3 scrolls of magic mapping
 m - a scroll of teleportation
 n - a scroll of identify
 r - 4 scrolls of immolation
 v - 2 scrolls of enchant armour
Potions
 d - 2 potions of might
 g - a potion of invisibility
 i - a potion of resistance {unknown}
 s - a potion of haste {unknown}
 x - 3 potions of curing {unknown}
 z - 2 potions of flight {unknown}
Comestibles
 f - 3 bread rations
 h - 4 beef jerkies
 k - 2 meat rations


   Skills:
 + Level 5.2 Fighting
 * Level 5.6 Maces & Flails
 + Level 5.1 Armour
 - Level 3.2 Shields


You had 6 spell levels left.
You didn't know any spells.

Dungeon Overview and Level Annotations

Branches:
Dungeon (5/15)
 Temple: D:4-7

Altars:
Dithmenos
Makhleb
Qazlal
Ru

Annotations:
D:3 chonchonts's ghost, amateur MiFi
D:4 Blork the orc; Grinder; kae's ghost, novice FoFi


Innate Abilities, Weirdness & Mutations

You are resistant to torment.
Your stone body is resilient. (AC +4)
You are immune to poison.
You resist negative energy. (rN+)
You are resistant to electric shocks. (rElec)
You can survive without breathing.
You are immune to petrification.
You are immune to rotting.


Message History

* * * LOW HITPOINT WARNING * * *
You block the river rat's attack. The ball python completely misses you.
The ball python constricts you. You block the river rat's attack.
The ball python bites you but does no damage.
Okay, then.
You escape the ball python's grasp.
You enter the shallow water.
Moving in this stuff is going to be slow.
The ball python completely misses you. The ball python grabs you.
* * * LOW HITPOINT WARNING * * *
The ball python constricts you. You block the river rat's attack.
The river rat bites you.
* * * LOW HITPOINT WARNING * * *
The ball python's grasp on you weakens, but your attempt to escape fails.
The ball python bites you but does no damage. x2
The ball python constricts you.
The rat twitches its whiskers.
The river rat bites you.
* * * LOW HITPOINT WARNING * * *
You block the ball python's attack. The river rat bites you.
You die...

#≈≈rrr≈#
#≈≈r≈≈≈#
#≈≈≈≈
#≈≈≈≈≈≈#
#≈≈≈≈
#≈≈r≈≈≈#
#≈≈≈≈
#≈≈.§≈≈#
#≈≈≈≈
#≈§§§.≈#
#≈≈≈≈
#§r§§.≈#
#≈≈≈≈
#SSr§≈≈#
#≈≈≈≈
#§@rr≈≈#
#≈≈≈≈
#§§§§≈≈#
#≈≈≈≈
#≈≈≈≈≈≈#
#≈≈≈F
#≈≈≈≈≈≈#
#≈≈≈≈
#≈≈≈≈≈≈#
#≈≈≈≈
#≈≈≈≈≈≈#
#≈≈≈≈
#≈≈≈≈≈≈#
#≈≈≈≈
#≈..≈.≈#
#...≈
#....


You could see 3 river rats, 2 ball pythons and a rat (inner flame).

Vanquished Creatures
  Menkaure (D:5)
  2 howler monkeys
  A quasit (D:5)
  2 hounds
  An orc wizard (D:4)
  A worker ant (D:4)
  Natasha (D:4)
  6 adders
  A worm (D:3)
  2 dart slugs (D:1)
  5 leopard geckos
  4 orcs (D:4)
  7 giant cockroaches
  11 hobgoblins
  6 jackals
  2 quokkas (D:3)
  3 ball pythons
  6 bats
  7 frilled lizards
  A giant cockroach zombie (D:5)
  11 goblins
  7 kobolds
  12 rats
100 creatures vanquished.

Notes
Turn   | Place    | Note
-------+----------+-------------------------------------------
     0 | D:1      | dobroeutro the Gargoyle Fighter began the quest for the Orb.
     0 | D:1      | Reached XP level 1. HP: 14/14 MP: 1/1
   143 | D:1      | Reached XP level 2. HP: 10/19 MP: 2/2
   613 | D:1      | Reached XP level 3. HP: 23/23 MP: 3/3
   997 | D:2      | Found a sacrificial altar of Ru.
  1252 | D:2      | Reached XP level 4. HP: 29/29 MP: 4/4
  1330 | D:2      | Found a burning altar of Makhleb.
  1531 | D:3      | Noticed chonchonts's ghost (amateur MiFi)
  1665 | D:3      | Reached XP level 5. HP: 33/33 MP: 5/5
  2144 | D:4      | Reached XP level 6. HP: 39/39 MP: 6/6
  2157 | D:4      | Noticed kae's ghost (novice FoFi)
  2579 | D:4      | Noticed Natasha
  2587 | D:4      | Killed Natasha
  2587 | D:4      | Reached skill level 5 in Maces & Flails
  2619 | D:4      | Noticed Blork the orc
  2620 | D:4      | Noticed Grinder
  2641 | D:5      | Entered Level 5 of the Dungeon
  2650 | D:5      | Found a stormy altar of Qazlal.
  2670 | D:5      | Noticed Menkaure
  2676 | D:5      | Killed Menkaure
  2676 | D:5      | Reached skill level 5 in Fighting
  2676 | D:5      | Reached skill level 5 in Armour
  2676 | D:5      | Reached XP level 7. HP: 25/44 MP: 7/7
  2749 | D:5      | Found a shadowy altar of Dithmenos.
  2844 | D:5      | Found a glowing drain.
  2889 | Sewer    | Entered a sewer
  2930 | Sewer    | HP: 2/44 [river rat (4)]
  2930 | Sewer    | Slain by a river rat

Vault maps used:
D:1:      eino_arrival_water_cross
D:2:      makhleb_heckhound_becter, nicolae_ru_awakened_eye, first_bread
D:4:      uniq_blork_the_orc, uniq_grinder, uniq_natasha
D:5:      grunt_dithmenos_smoke, cheibrodos_worm_habitat, minitemple,
          portal_sewer_entry_c, serial_curves, eino_curves_04, eino_curves_03,
          grunt_qazlal_sundering, uniq_eustachio, uniq_menkaure, uniq_duvessa,
          uniq_sigmund
Sewer:    sewer_minmay_w

Skill      XL: |  1  2  3  4  5  6 |
---------------+-------------------+-----
Maces & Flails | 3 4 5 |  5.6
Armour         | 4 5 |  5.1
Fighting       | 4 5 |  5.2
Shields        | |  3.2

Action                   |  1- 3 |  4- 6 |  7- 9 || total
-------------------------+-------+-------+-------++-------
Melee: Flail             |   127 |   207 |    70 ||   404
  Use: Scroll            |       |       |    11 ||    11
  Eat: Chunk             |     1 |     5 |       ||     6
Armor: Scale mail        |    61 |   134 |   194 ||   389
Dodge: Dodged            |    44 |    64 |    73 ||   181
Block: Shield            |    72 |   111 |   102 ||   285
